 Dungeon Crawl Stone Soup version 0.21-a0-442-g848f44b (webtiles) character file.

37 slep the Cutter (level 3, 0/26 HPs)
             Began as a Barachi Wanderer on Nov 15, 2017.
             Succumbed to an adder's poison
             ... on level 2 of the Dungeon.
             The game lasted 00:03:41 (848 turns).

slep the Cutter (Barachi Wanderer)                   Turns: 848, Time: 00:03:42

Health: 0/26       AC:  4    Str: 12    XL:     3   Next: 39%
Magic:  7/7        EV: 10    Int: 14    God:
Gold:   20         SH:  4    Dex: 11    Spells: 8/8 levels left

rFire    . . .     SeeInvis .   a - +2 short sword
rCold    . . .     Gourm    .   n - +0 buckler
rNeg     . . .     Faith    .   l - +0 leather armour
rPois    .         Spirit   .   (no helmet)
rElec    .         Reflect  .   (no cloak)
rCorr    .         Harm     .   (no gloves)
MR       .....                  p - +0 pair of boots
Stlth    +.........             (no amulet)
HPRegen  0.08/turn              (no ring)
MPRegen  0.10/turn              (no ring)

@: lethally poisoned (0 -> -12), slow
A: +LOS, swims, slowness 1, strong legs 1
a: Hop


You were on level 2 of the Dungeon.
You were not hungry.

You visited 1 branch of the dungeon, and saw 2 of its levels.

You collected 20 gold pieces.

Inventory:

Hand Weapons
 a - a +2 short sword (weapon)
Armour
 d - a +0 robe
 l - a +0 leather armour (worn)
 n - a +0 buckler (worn)
 p - a +0 pair of boots (worn)
Scrolls
 e - a scroll of teleportation {unknown}
 g - a scroll of recharging {unknown}
 h - a scroll of blinking {unknown}
 i - a scroll of remove curse {unknown}
 k - a scroll of enchant armour {unknown}
 m - a scroll of noise {unknown}
Potions
 b - a potion of curing
 j - a potion of lignification {unknown}
 o - a potion of brilliance {unknown}
Books
 c - the Grimoire of Feathers

   Spells                             Type                      Level
   a - Shock                          Conjuration/Air              1
   b - Mephitic Cloud                 Conjuration/Poison/Air       3
Comestibles
 f - a bread ration


   Skills:
 + Level 1.4 Fighting
 + Level 3.1 Short Blades
 + Level 0.1 Armour
 + Level 0.6 Dodging
 + Level 2.1 Shields
 + Level 3.0 Spellcasting
   Level 1.0 Necromancy
   Level 2.1 Air Magic


You had 8 spell levels left.
You didn't know any spells.

Dungeon Overview and Level Annotations

Branches:
Dungeon (2/15)

Altars:


Innate Abilities, Weirdness & Mutations

Shadows flee at your approach. (+LOS)
You can swim through water.
You cover ground slowly.
You can hop short distances.


Message History

The adder poisons you!
Your shield prevents you from hitting the adder.
The adder is lightly wounded.
You feel sick. The goblin barely misses you. The adder closely misses you.
You hit the adder.
The adder is moderately wounded.
You feel sick. The adder barely misses you. The goblin closely misses you.
You hit the adder.
The adder is almost dead.
* * * LOW HITPOINT WARNING * * *
You feel sick. The adder barely misses you. The goblin closely misses you.
The adder bites you.
* * * LOW HITPOINT WARNING * * *
You barely miss the adder.
The adder is almost dead.
* * * LOW HITPOINT WARNING * * *
You feel sick. The adder misses you. The goblin closely misses you.
You closely miss the adder.
The adder is almost dead.
You die...

.... .. ...# .....
#.. ####..... .....#
#..#########<..#
......#
#......(((....#
....#####....###...#
#..## #.>).###...#..
#..###....#.......#
##.g##......#...###
##S@.....###...#
###.....# #...#
#.....# #...#
#.....# ...# #.....#
#....## ####.. ####


You could see an adder and a goblin.

Vanquished Creatures
  A gnoll (D:1)
  2 leopard geckos (D:1)
  3 hobgoblins (D:1)
  2 jackals (D:1)
  4 kobolds
  5 bats
  5 goblins (D:1)
  3 rats
25 creatures vanquished.

Notes
Turn   | Place    | Note
-------+----------+-------------------------------------------
     0 | D:1      | slep the Barachi Wanderer began the quest for the Orb.
     0 | D:1      | slep set off with: a +2 short sword, a potion of curing, the Grimoire of Feathers, a +0 robe, a bread ration
     0 | D:1      | Reached XP level 1. HP: 15/15 MP: 3/3
    46 | D:1      | Reached XP level 2. HP: 16/21 MP: 3/5
   312 | D:1      | Reached XP level 3. HP: 18/26 MP: 7/7
   847 | D:2      | HP: 1/26 [poisoned by an adder]
   848 | D:2      | Succumbed to an adder's poison

Vault maps used:
D:1:      dpeg_arrival_rooms_b, minmay_door_square
D:2:      uniq_robin, uniq_terence

Skill      XL: |  1  2  3 |
---------------+----------+-----
Short Blades   | 3 |  3.1
Spellcasting   | 3 |  3.0
Fighting       | |  1.4
Armour         | |  0.1
Dodging        | |  0.6
Shields        | |  2.1
Necromancy     | |  1.0
Air Magic      | |  2.1

Action                   || total
-------------------------++-------
Melee: Short sword       ||    81
Armor: Robe              ||     3
       Leather armour    ||    16
Dodge: Dodged            ||    60
Block: Buckler           ||     6

Table legend:
 A = Spawn XP
 B = Non-spawn XP
 C = Spawn XP percentage of total XP
 D = Spawn monster count
 E = Non-spawn monster count
 F = Spawn count percentage of total count
 G = Total turns spent on level
                    A         B        C        D         E        F      G
               +---------+---------+-------+---------+---------+-------+---------
         Total |       0 |      53 |   0.0 |       0 |      25 |   0.0 |   848
               +---------+---------+-------+---------+---------+-------+---------
           D:1 |       0 |      49 |   0.0 |       0 |      21 |   0.0 |   800
           D:2 |       0 |       4 |   0.0 |       0 |       4 |   0.0 |    48
               +---------+---------+-------+---------+---------+-------+---------
